 Dungeon Crawl Stone Soup version 0.20.0-8-g6b59dc7 (webtiles) character file.

33 Chiseanne the Magician (level 3, -7/24 HPs)
             Began as a Demonspawn Wizard on May 31, 2017.
             Killed from afar by Terence (9 damage)
             ... with a wand of flame (?/48)
             ... on level 2 of the Dungeon.
             The game lasted 00:02:12 (1318 turns).

Chiseanne the Magician (Demonspawn Wizard)          Turns: 1318, Time: 00:02:12

Health: -7/24      AC:  3    Str:  7    XL:     3   Next: 12%
Magic:  1/8        EV: 12    Int: 20    God:
Gold:   65         SH:  0    Dex: 11    Spells: 8/9 levels left

rFire    . . .     SeeInvis .   k - +0 short sword
rCold    . . .     Gourm    .   (no shield)
rNeg     . . .     Faith    .   a - +0 robe
rPois    .         Spirit   .   b - +0 hat
rElec    .         Reflect  .   (no cloak)
rCorr    .         Harm     .   (no gloves)
MR       .....                  o - +0 pair of boots
Stlth    ++........             (no amulet)
Regen    0.1/turn               (no ring)
MPRegen  0.2/turn               (no ring)

@: hasted, very quick
A: rot immunity
a: no special abilities


You were on level 2 of the Dungeon.
You were very hungry.

You visited 1 branch of the dungeon, and saw 2 of its levels.

You collected 65 gold pieces.

Inventory:

Hand Weapons
 e - a +0 dagger
 k - a +0 short sword (weapon)
Missiles
 g - 19 sling bullets
 r - 10 stones (quivered)
Armour
 a - a +0 robe (worn)
 b - a +0 hat (worn)
 o - a +0 pair of boots (worn)
Jewellery
 l - a +1 ring of protection {unknown}
Scrolls
 h - a scroll of amnesia {unknown}
 j - a scroll of remove curse {unknown}
 p - a scroll of identify {unknown}
 q - a scroll of fog {unknown}
 s - a scroll of teleportation {unknown}
 t - a scroll of immolation {unknown}
Potions
 i - a potion of curing {unknown}
 n - a potion of haste
Books
 c - a book of Minor Magic

   Spells                             Type                      Level
   a - Magic Dart                     Conjuration                  1
   b - Blink                          Translocation                2
   c - Call Imp                       Summoning                    2
   d - Slow                           Hexes                        2
   e - Conjure Flame                  Conjuration/Fire             3
   f - Mephitic Cloud                 Conjuration/Poison/Air       3
Comestibles
 d - a bread ration
 f - a royal jelly
 m - 8 fruits


   Skills:
 - Level 1.7 Dodging
 - Level 1.7 Stealth
 * Level 3.6 Spellcasting
 * Level 2.1 Conjurations
   Level 1.0 Summonings
   Level 0.8 Translocations


You had 8 spell levels left.
You knew the following spells:

 Your Spells              Type           Power        Failure   Level  Hunger
a - Magic Dart            Conj           ##..         5%          1    None


Dungeon Overview and Level Annotations

Branches:
Dungeon (2/15)

Altars:
Ashenzari

Annotations:
D:2 Terence


Innate Abilities, Weirdness & Mutations

You are immune to rotting.


Message History

Casting: Magic Dart
Confirm with . or Enter, or press ? or * to list all spells.
Aiming: Magic Dart
Press: ? - help, Shift-Dir - straight line, f/p - Terence
Aim: Terence, wielding a short sword, wearing a scale mail and carrying a wand of flame (?/48) {zapped: 3} (heavily wounded)
The magic dart hits Terence.
Terence is severely wounded.
Casting: Magic Dart
Confirm with . or Enter, or press ? or * to list all spells.
You don't have enough magic to cast that spell.
Casting: Magic Dart
Confirm with . or Enter, or press ? or * to list all spells.
You don't have enough magic to cast that spell.
Casting: Magic Dart
Confirm with . or Enter, or press ? or * to list all spells.
You don't have enough magic to cast that spell.
It was a potion of haste.
You feel yourself speed up. Terence barely misses you.
Terence zaps a wand.
The puff of flame hits you!
You die...

#..........
##########.......... ##
........##.......... ..
.................... ..
#######.#...........
#...@.......... #########
#....######.###
####.......######....# #
................@....#####
..##...)...####..........#
.........................#
..##.......####..........#
..##..)....# #..........#
..##.......# #..........#
..##.......# #..........#
..##.......# #..........#
..########## #..........#


You could see Terence.

Vanquished Creatures
  2 dart slugs (D:1)
  A leopard gecko (D:2)
  3 bats
  A giant cockroach (D:2)
  7 goblins
  A hobgoblin (D:1)
  A quokka (D:2)
  A ball python (D:1)
  A frilled lizard (D:1)
  4 kobolds
  6 rats (D:1)
28 creatures vanquished.

Vanquished Creatures (others)
  5 toadstools (D:1)
5 creatures vanquished.

Grand Total: 33 creatures vanquished

Notes
Turn   | Place    | Note
-------+----------+-------------------------------------------
     0 | D:1      | Chiseanne the Demonspawn Wizard began the quest for the Orb.
     0 | D:1      | Reached XP level 1. HP: 13/13 MP: 4/4
   206 | D:1      | Found a shattered altar of Ashenzari.
   316 | D:1      | Gained mutation: You are immune to rotting. [demonic ancestry]
   316 | D:1      | Reached XP level 2. HP: 19/19 MP: 4/6
  1141 | D:2      | Reached XP level 3. HP: 24/24 MP: 1/8
  1302 | D:2      | Noticed Terence
  1318 | D:2      | Killed from afar by Terence

Skill      XL: |  1  2 |
---------------+-------+-----
Conjurations   | 2 |  2.1
Dodging        | |  1.7
Stealth        | |  1.7
Spellcasting   | |  3.6
Summonings     | |  1.0
Translocations | |  0.8

Action                   || total
-------------------------++-------
Melee: Unarmed           ||     7
       Short sword       ||     8
 Cast: Magic Dart        ||    59
  Use: Potion            ||     1
Armor: Robe              ||     4
Dodge: Dodged            ||    12
